 Dungeon Sprint DCSS version 0.27-a0-1502-g47ed6a6988 (webtiles) character file.

Game seed: 10092080469000603345

33252 mhtbhm the Hoplite (level 13, -23/117 (134) HPs)
             Began as a Minotaur Fighter on July 8, 2021.
             Was the Champion of Qazlal.
             Killed from afar by a Tzitzimitl (54 damage)
             ... with a bolt of negative energy
             ... in the Dungeon (Sprint VII: "The Pits").
             The game lasted 00:07:31 (3335 turns).

mhtbhm the Hoplite (Minotaur Fighter)               Turns: 3335, Time: 00:07:32

HP:   -23/117 (134) AC: 26    Str: 26    XL:     13   Next: 35%
MP:   14/21         EV: 11    Int:  5    God:    Qazlal [******]
Gold: 22            SH: 24    Dex: 11    Spells: 12/12 levels left

rFire    . . .     SeeInvis .   a - +1 broad axe (vorpal)
rCold    . . .     Faith    .   c - +0 kite shield
rNeg     . . .     Spirit   .   b - +3 plate armour {rPois}
rPois    +         Reflect  .   (helmet restricted)
rElec    .         Harm     .   r - +0 cloak
rCorr    .         Rampage  .   (no gloves)
Will     .....     NoTele   +   s - +0 pair of boots
Stlth    ..........             (no amulet)
HPRegen  0.29/turn              o - +3 ring of strength
MPRegen  0.17/turn              p - +3 ring of protection

@: heavily drained, repel missiles
A: horns 2, retaliatory headbutt, weak 1, subdued magic 1
a: Renounce Religion, Upheaval, Elemental Force, Disaster Area


You were in the Dungeon.
You worshipped Qazlal.
Qazlal was exalted by your worship.
You visited 1 branch You collected 22 gold pieces.

Inventory:

Hand Weapons
 a - a +1 vorpal broad axe (weapon)
Armour
 b - a +3 plate armour of poison resistance (worn)
 c - a +0 kite shield (worn)
 r - a +0 cloak (worn)
 s - a +0 pair of boots (worn)
Jewellery
 o - a +3 ring of strength (left hand)
 p - a +3 ring of protection (right hand)
 y - a ring of fire
 B - a ring of positive energy
Wands
 n - a wand of digging (4)
Scrolls
 l - 5 scrolls of amnesia
 m - 4 scrolls of enchant weapon
 t - 4 scrolls of identify
 u - 2 scrolls of enchant armour
 v - 2 scrolls of fear
 w - a scroll of fog
 x - a scroll of holy word
Potions
 d - a potion of might
 e - 4 potions of curing
 f - 15 potions of heal wounds
 g - 3 potions of haste
 h - 4 potions of magic
 i - 2 potions of berserk rage
 k - 2 potions of invisibility
 q - a potion of mutation
 z - a potion of brilliance
 A - 2 potions of resistance
Miscellaneous
 C - a box of beasts


   Skills:
 + Level 18.2 Fighting
 + Level 20.2 Axes
 + Level 15.4 Armour
 + Level 8.8 Dodging
 + Level 2.2 Stealth
 + Level 21.1 Shields
 * Level 12.3 Invocations


You had 12 spell levels left.
You didn't know any spells.
Your spell library contained the following spells:

 Spells                   Type           Power      Damage    Failure   Level
 Mephitic Cloud           Conj/Pois/Air  0%         N/A       100%        3
 Airstrike                Air            0%         N/A       100%        4
 Cause Fear               Hex            0%         N/A       100%        4
 Alistair's Intoxication  Tmut/Pois      0%         N/A       100%        5
 Eringya's Noxious Bog    Tmut/Pois      0%         N/A       100%        6
 Dragon Form              Tmut           0%         N/A       100%        7
 Dragon's Call            Summ           0%         N/A       100%        9


Dungeon Overview and Level Annotations

Branches:
Dungeon (1/1)

Altars:
Ashenzari
Cheibriados
Dithmenos
Elyvilon
Fedhas
Gozag
Hepliaklqana
Kikubaaqudgha
Makhleb
Nemelex Xobeh
Okawaru
Qazlal
Ru
Sif Muna
Trog
Uskayaw
Vehumet
Wu Jian
Xom
Yredelemnul
Zin
The Shining One
Beogh
Jiyva
Lugonu


Innate Abilities, Weirdness & Mutations

You have a pair of horns on your head.
You reflexively headbutt those who attack you in melee.
You are weak. (Str -2)
Your spells are a little easier to cast, but a little less powerful.


Message History

You hit the Tzitzimitl but do no damage.
The Tzitzimitl is moderately wounded.
The Tzitzimitl gestures at you. The bolt of negative energy hits you!!
You feel drained.
* * * LOW HITPOINT WARNING * * *
Unknown command.
Unknown command.
You feel much better. You block the Tzitzimitl's attack. x2
You miss the Tzitzimitl.
The Tzitzimitl is moderately wounded.
You block the Tzitzimitl's attack.
The Tzitzimitl bites you but does no damage.
Unknown command.
Your plate armour prevents you from hitting the Tzitzimitl.
The Tzitzimitl is moderately wounded.
You block the Tzitzimitl's attack. x2
Unknown command.
Aiming: Upheaval
Press: ? - help, Dir - move target, f - Tzitzimitl
Aim: a Tzitzimitl (moderately wounded) That beam is likely to hit you.
Continue anyway?
Okay, then.
Unknown command.
Unknown command.
Unknown command.
Nature churns violently around you!
The blast of ice hits the Tzitzimitl!
The Tzitzimitl partially resists.
The Tzitzimitl is heavily wounded.
The Tzitzimitl is flash-frozen.
The Tzitzimitl calls on the powers of darkness!
Your body is wracked with pain!
* * * LOW HITPOINT WARNING * * *
Unknown command.
Unknown command.
Unknown command.
You fail to use your ability.
The Tzitzimitl is no longer encased in ice.
The Tzitzimitl gestures at you. The bolt of negative energy hits you!!!
You feel drained.
You die...

#+# #.# #1# #@#
#'# #.# #.#
################.#
...............§§#
...............§.#
+##############)≈#
#.)#


You could see a Tzitzimitl.

Vanquished Creatures
  Dissolution (D)
  An orc warlord (D)
  A draconian shifter (D)
  3 ghouls (D)
  A hydra (D)
  A boulder beetle (D)
  An alligator snapping turtle (D)
  An alligator (D)
  2 two-headed ogres (D)
  An iron troll (D)
  A flayed ghost (D)
  A spriggan druid (D)
  A phantasmal warrior (D)
  5 harpies (D)
  An orc knight (D)
  A cyclops (D)
  A merfolk siren (D)
  An ice devil (D)
  A komodo dragon (D)
  A hellwing (D)
  A guardian mummy (D)
  A polar bear (D)
  4 hornets (D)
  A blink frog (shapeshifter) (D)
  14 dream sheep (D)
  2 flying skulls (D)
  A spriggan (D)
  A shadow (D)
  A wyvern (D)
  A fire elemental (D)
  Grum (D)
  2 basilisks (D)
  2 fire bats (D)
  A neqoxec (D)
  An acid dragon (D)
  Duvessa (D)
  3 orc warriors (D)
  A sky beast (D)
  2 centaurs (D)
  3 wolves (D)
  A kobold brigand (D)
  A bullfrog (D)
  A scorpion (D)
  Dowan (D)
  An earth elemental (D)
  11 killer bees (D)
  5 wights (D)
  A gnoll shaman (D)
  3 quasits (D)
  A small abomination (D)
  An iguana (D)
  A hell rat (D)
  2 orc wizards (D)
  A gnoll (D)
  A river rat (D)
  A white imp (D)
  A worm (D)
  An orc (D)
  2 ball pythons (D)
  A goblin (D)
  2 hobgoblins (D)
  2 jackals (D)
  A quokka (D)
  A ball python skeleton (D)
  2 bats (D)
  A giant cockroach zombie (D)
  A rat (D)
119 creatures vanquished.

Vanquished Creatures (others)
  A wolf (D)
1 creature vanquished.

Grand Total: 120 creatures vanquished

Notes
Turn   | Place    | Note
-------+----------+-------------------------------------------
     0 | D        | mhtbhm the Minotaur Fighter began the quest for the Orb.
     0 | D        | Reached XP level 1. HP: 19/19 MP: 0/0
    68 | D        | Found a bloodstained altar of Trog.
    68 | D        | Found a shimmering blue altar of Sif Muna.
    68 | D        | Found a viscous altar of Jiyva.
    68 | D        | Found a hazy altar of Hepliaklqana.
    68 | D        | Found an opulent altar of Gozag.
    69 | D        | Found a glowing golden altar of the Shining One.
    69 | D        | Found a glowing silver altar of Zin.
    69 | D        | Found a basalt altar of Yredelemnul.
    69 | D        | Found a shimmering altar of Xom.
    69 | D        | Found an ornate altar of the Wu Jian Council.
    69 | D        | Found a sacrificial altar of Ru.
    69 | D        | Found a stormy altar of Qazlal.
    69 | D        | Found an iron altar of Okawaru.
    69 | D        | Found a sparkling altar of Nemelex Xobeh.
    69 | D        | Found a burning altar of Makhleb.
    69 | D        | Found a blossoming altar of Fedhas.
    69 | D        | Found a white marble altar of Elyvilon.
    69 | D        | Found a shadowy altar of Dithmenos.
    69 | D        | Found a snail-covered altar of Cheibriados.
    71 | D        | Found a radiant altar of Vehumet.
    71 | D        | Found a corrupted altar of Lugonu.
    72 | D        | Found a hide-covered altar of Uskayaw.
    72 | D        | Found an ancient bone altar of Kikubaaqudgha.
    72 | D        | Found a broken altar of Ashenzari.
    76 | D        | Became a worshipper of Qazlal Stormbringer
   116 | D        | Reached skill level 4 in Shields
   119 | D        | Reached * piety under Qazlal
   140 | D        | Noticed a scorpion
   151 | D        | Killed a scorpion
   152 | D        | Reached skill level 6 in Shields
   152 | D        | Reached XP level 2. HP: 11/30 MP: 1/1
   152 | D        | Reached XP level 3. HP: 14/37 MP: 2/2
   152 | D        | Reached XP level 4. HP: 17/44 MP: 3/3
   439 | D        | Reached ** piety under Qazlal
   441 | D        | Noticed a flying skull
   452 | D        | Killed a flying skull
   453 | D        | Reached skill level 1 in Dodging
   453 | D        | Reached skill level 8 in Shields
   453 | D        | Reached XP level 5. HP: 52/53 MP: 4/4
   529 | D        | Reached XP level 6. HP: 57/61 MP: 5/5
   540 | D        | Reached *** piety under Qazlal
   543 | D        | Noticed a flying skull
   554 | D        | Reached skill level 9 in Shields
   573 | D        | Killed a flying skull
   575 | D        | Reached XP level 7. HP: 38/70 MP: 6/6
   575 | D        | Reached **** piety under Qazlal
   743 | D        | Noticed Duvessa
   743 | D        | Noticed Dowan
   763 | D        | Killed Duvessa
   764 | D        | Reached skill level 10 in Armour
   764 | D        | Reached skill level 10 in Shields
   770 | D        | Reached ***** piety under Qazlal
   778 | D        | Killed Dowan
   808 | D        | Noticed Grum
   808 | D        | Noticed a dream sheep
   808 | D        | Noticed a dream sheep
   808 | D        | Noticed a dream sheep
   808 | D        | Noticed a dream sheep
   808 | D        | Noticed a dream sheep
   813 | D        | Killed a dream sheep
   814 | D        | Reached skill level 10 in Fighting
   814 | D        | Reached skill level 10 in Axes
   814 | D        | Killed a dream sheep
   815 | D        | Reached skill level 5 in Dodging
   815 | D        | Reached skill level 11 in Shields
   815 | D        | Reached XP level 8. HP: 54/79 MP: 7/7
   819 | D        | Killed a dream sheep
   821 | D        | Killed a dream sheep
   821 | D        | Reached ****** piety under Qazlal
   822 | D        | Reached skill level 12 in Shields
   823 | D        | Killed Grum
   827 | D        | Killed a dream sheep
   828 | D        | Reached XP level 9. HP: 14/89 MP: 8/8
  1202 | D        | Noticed an ice devil
  1203 | D        | Noticed a guardian mummy
  1209 | D        | Killed an ice devil
  1210 | D        | Reached skill level 1 in Stealth
  1213 | D        | Killed a guardian mummy
  1214 | D        | Reached skill level 13 in Shields
  1219 | D        | Noticed a six-headed hydra
  1223 | D        | Noticed a merfolk siren
  1227 | D        | Killed a nine-headed hydra
  1228 | D        | Noticed a komodo dragon
  1234 | D        | Killed a merfolk siren
  1236 | D        | Killed a komodo dragon
  1393 | D        | Reached skill level 14 in Shields
  1393 | D        | Reached XP level 10. HP: 100/100 MP: 9/9
  1512 | D        | Noticed a flayed ghost
  1517 | D        | Reached skill level 15 in Axes
  1527 | D        | Killed a flayed ghost
  1621 | D        | Noticed an orc knight
  1622 | D        | Gained mutation: You are weak. (Str -2) [a neqoxec]
  1631 | D        | Gained mutation: Your spells are a little easier to cast,
                  | but a little less powerful. [a neqoxec]
  1634 | D        | Reached skill level 15 in Shields
  1639 | D        | Killed an orc knight
  1683 | D        | Noticed an alligator snapping turtle
  1715 | D        | Killed an alligator snapping turtle
  1721 | D        | Noticed a spriggan rider
  1727 | D        | Reached XP level 11. HP: 39/110 MP: 10/12
  1728 | D        | Reached skill level 16 in Shields
  2021 | D        | Noticed a ghoul
  2023 | D        | Noticed a ghoul
  2023 | D        | Noticed a ghoul
  2035 | D        | Killed a ghoul
  2036 | D        | Reached skill level 5 in Invocations
  2047 | D        | Killed a ghoul
  2049 | D        | Killed a ghoul
  2050 | D        | Reached skill level 15 in Fighting
  2050 | D        | Reached skill level 17 in Shields
  2304 | D        | Noticed a harpy
  2305 | D        | Noticed a harpy
  2307 | D        | Noticed a harpy
  2307 | D        | Noticed a harpy
  2308 | D        | Noticed a harpy
  2309 | D        | Killed a harpy
  2313 | D        | Killed a harpy
  2313 | D        | Noticed a two-headed ogre
  2314 | D        | Killed a harpy
  2319 | D        | Killed a two-headed ogre
  2320 | D        | Reached XP level 12. HP: 119/122 MP: 15/17
  2324 | D        | Reached skill level 18 in Shields
  2353 | D        | Noticed a boulder beetle
  2360 | D        | Noticed a two-headed ogre
  2373 | D        | Killed a two-headed ogre
  2389 | D        | Killed a boulder beetle
  2636 | D        | Noticed an alligator
  2636 | D        | Noticed an orc warlord
  2652 | D        | Reached skill level 19 in Shields
  2654 | D        | Killed an alligator
  2679 | D        | Killed an orc warlord
  2680 | D        | Reached skill level 10 in Invocations
  2700 | D        | Got the Almanac of Cloudy Contamination
  2826 | D        | Noticed a green draconian shifter
  2851 | D        | Killed a green draconian shifter
  3013 | D        | Noticed Dissolution
  3029 | D        | Killed Dissolution
  3030 | D        | Reached skill level 15 in Armour
  3030 | D        | Reached skill level 21 in Shields
  3030 | D        | Reached XP level 13. HP: 44/134 MP: 0/21
  3317 | D        | Noticed a Tzitzimitl
  3335 | D        | Killed from afar by a Tzitzimitl

Illustrated notes

Levels and vault maps discovered:
D:        pitsprint [storerooms_1, entrance_room_1, metal_vault_3, armoury_1,
          mini_pit_1, grid_room_1, main_hall_1, silver_pit, the_coven_1,
          the_vestibule_1, steel_vault_3, golden_pit, hallway_of_sentries,
          crystal_vault_3, iron_vault_5, final_vault]

Skill      XL: |  1  2  3  4  5  6  7  8  9 10 11 12 |
---------------+-------------------------------------+-----
Fighting       | 6 7 8 9 10 11 12 14 15 18 | 18.2
Armour         | 6 8 9 10 11 12 13 15 | 15.4
Shields        | 6 8 9 11 12 14 15 17 21 | 21.1
Axes           | 4 6 8 10 12 14 16 18 20 | 20.2
Dodging        | 1 3 5 6 8 |  8.8
Stealth        | 1 2 |  2.2
Invocations    | 3 8 12 | 12.3

Action                   |  1- 3 |  4- 6 |  7- 9 | 10-12 | 13-15 || total
-------------------------+-------+-------+-------+-------+-------++-------
Melee: Hand axe          |    16 |    47 |    43 |       |       ||   106
       War axe           |     5 |       |       |       |       ||     5
       Headbutt          |     1 |     5 |    19 |    60 |     1 ||    86
       Broad axe         |       |       |    21 |   226 |    15 ||   262
Invok: Disaster Area     |       |       |       |     2 |     1 ||     3
       Upheaval          |       |       |       |     1 |       ||     1
  Use: Potion            |       |     1 |     1 |     9 |     1 ||    12
       Scroll            |       |       |       |     2 |       ||     2
Armor: Scale mail        |     9 |     4 |       |       |       ||    13
       Ring mail         |       |    11 |    11 |       |       ||    22
       Plate armour      |       |       |     8 |    91 |     4 ||   103
Dodge: Dodged            |     3 |    15 |    24 |    53 |     2 ||    97
       Repelled          |       |       |     1 |     2 |       ||     3
Block: Kite shield       |    12 |    31 |    57 |   281 |    13 ||   394

Table legend: (Time is in decaauts)
 A = Elapsed time spent in this place.
 B = Non-inter-level travel time spent in this place.
 C = Inter-level travel time spent in this place.
 D = Time resting spent in this place.
 E = Time spent auto-exploring this place.
 F = Levels seen in this place.
 G = Mean time per level.
                   A        B        C        D        E       F      G
               +--------+--------+--------+--------+--------+-----+--------+
         Total |   3291 |   3291 |      0 |   1984 |     32 |   1 | 3291.0 |
       Dungeon |   3291 |   3291 |      0 |   1984 |     32 |   1 | 3291.0 |
               +--------+--------+--------+--------+--------+-----+--------+

Top non-repeatable levels by time:
       D: 3291 daAuts
